 Dungeon Crawl Stone Soup version 0.28.0-45-g0d030f2227 (webtiles) character file.

Game seed: 16400293536568087888

45 DemonSlayer the Firebug (level 3, 0/24 HPs)
             Began as a Demonspawn Fire Elementalist on Apr 12, 2022.
             Succumbed to an adder's poison
             ... on level 2 of the Dungeon.
             The game lasted 00:05:43 (1554 turns).

DemonSlayer the Firebug (DsFE)                      Turns: 1554, Time: 00:05:44

Health: 0/24       AC:  5    Str:  8    XL:     3   Next: 42%
Magic:  2/6        EV: 12    Int: 18    God:
Gold:   19         SH:  0    Dex: 13    Spells: 3/6 levels left

rFire   . . .      SeeInvis .   c - staff of air
rCold   . . .      Faith    .   (no shield)
rNeg    . . .      Spirit   .   a - +0 robe
rPois   .          Reflect  .   (no helmet)
rElec   +          Harm     .   e - +2 cloak
rCorr   +          Rampage  .   (no gloves)
Will    .....                   (no boots)
Stlth   ++........              (no amulet)
HPRegen 0.08/turn               f - ring of resist corrosion
MPRegen 0.10/turn               (no ring)

@: lethally poisoned (0 -> -8), about to teleport
A: ignite blood 1, powered by pain 1
a: no special abilities


You were on level 2 of the Dungeon.
You visited 1 branch of the dungeon, and saw 2 of its levels.

You collected 19 gold pieces.

Inventory:

Missiles
 d - 2 throwing nets
Armour
 a - a +0 robe (worn)
 e - a +2 cloak (worn)
Magical Staves
 c - a staff of air (weapon)
Jewellery
 f - a ring of resist corrosion (left hand)
Scrolls
 g - a scroll of amnesia


   Skills:
 + Level 2.1 Dodging
 + Level 2.1 Stealth
 + Level 2.3 Spellcasting
 + Level 1.1 Conjurations
 + Level 3.4 Fire Magic


You had 3 spell levels left.
You knew the following spells:

 Your Spells              Type           Power      Damage    Failure   Level
a - Foxfire               Conj/Fire      40%        2x1d6     7%          1
b - Scorch                Fire           28%        2d6       6%          2

Your spell library contained the following spells:

 Spells                   Type           Power      Damage    Failure   Level
 Conjure Flame            Conj/Fire      10%        6-21      21%         3
 Inner Flame              Hex/Fire       8%         N/A       26%         3
 Flame Wave               Conj/Fire      10%        2d5       56%         4
 Iskenderun's Battlesphe  Conj           6%         2d6       97%         5
 Iron Shot                Conj/Erth      2%         9d2       100%        6
 Spellforged Servitor     Conj/Summ      2%         N/A       100%        7


Dungeon Overview and Level Annotations

Branches:
Dungeon (2/15)

Altars:


Innate Abilities, Weirdness & Mutations

Your demonic aura sometimes causes spilled blood to erupt in flames.
You sometimes gain a little power by taking damage.


Message History

You are too depleted to draw on your mana recklessly!
Your foxfire dissipates!
You feel sick.
You are no longer poisoned.
Your magical contamination has completely faded away.
You don't have enough magic to cast this spell.
The adder bites you.
You are too injured to fight recklessly!
You aren't carrying any potions.
You closely miss the adder.
The adder is severely wounded.
The adder is no longer more vulnerable to fire.
The adder bites you but does no damage. The adder closely misses you.
You closely miss the adder.
The adder is severely wounded.
The adder barely misses you.
As you read the scroll labelled ICRIED ZUTU, it crumbles to dust.
It is a scroll of amnesia.
Really abort (and waste the scroll)? [Y]es or [N]o only, please.
Really abort (and waste the scroll)? [Y]es or [N]o only, please.
Really abort (and waste the scroll)?
Okay, then.
The adder bites you.
You are poisoned.
The adder poisons you!
Okay, then.
Unknown command.
As you read the scroll labelled FISY YRUKH, it crumbles to dust.
You feel strangely unstable.
It was a scroll of teleportation.
You feel sick. The adder bites you.
* * * LOW HITPOINT WARNING * * *
You are lethally poisoned!
The adder poisons you! The adder closely misses you.
* * * LOW HITPOINT WARNING * * *
You feel very sick.
* * * LOW HITPOINT WARNING * * *
You feel sick.
You die...

.. #(##..)<..#
..8 ..#......#
.... #.#......#
#...##.#†.##..#
#.........#.#
#...#...##...#
#. #.### #..#
#####.###.# ....
..#..##.@# .###
#....##..# #
#....##Sr#
#....#...#
#....#r#.#
#....#.#.#
#....#w#.#
#......#..
........#.......


You could see an adder, a dart slug, a quokka and a rat.

Vanquished Creatures
  A worm (D:2)
  3 ball pythons (D:1)
  7 bats (D:1)
  An endoplasm (D:1)
  5 giant cockroaches
  3 goblins (D:1)
  2 hobgoblins
  8 quokkas (D:1)
  A frilled lizard (D:1)
  3 kobolds
  A rat (D:1)
35 creatures vanquished.

Vanquished Creatures (others)
  91 foxfires
91 creatures vanquished.

Grand Total: 126 creatures vanquished

Notes
Turn   | Place    | Note
-------+----------+-------------------------------------------
     0 | D:1      | DemonSlayer the Demonspawn Fire Elementalist began the
                  | quest for the Orb.
     0 | D:1      | Reached XP level 1. HP: 13/13 MP: 3/3
   243 | D:1      | Reached skill level 3 in Fire Magic
   243 | D:1      | Gained mutation: Your demonic aura sometimes causes spilled
                  | blood to erupt in flames. [demonic ancestry]
   243 | D:1      | Reached XP level 2. HP: 19/19 MP: 0/5
   246 | D:1      | Learned a level 2 spell: Scorch
   771 | D:1      | Found a faded altar of an unknown god.
   780 | D:1      | Gained mutation: You sometimes gain a little power by
                  | taking damage. [demonic ancestry]
   780 | D:1      | Reached XP level 3. HP: 24/24 MP: 1/6
  1554 | D:2      | Succumbed to an adder's poison

Illustrated notes

Levels and vault maps discovered:
D:1:      heliophobic_arrival_glass_houses, layout_basic,
          nicolae_ecumenical_snake_handling
D:2:      layout_rooms, st_stairs_1

Skill      XL: |  1  2  3 |
---------------+----------+-----
Dodging        | 2 |  2.1
Fire Magic     | 3 |  3.4
Stealth        | 2 |  2.1
Spellcasting   | |  2.3
Conjurations   | |  1.1

Action                   || total
-------------------------++-------
Melee: Staff             ||    10
 Cast: Foxfire           ||    70
       Scorch            ||     1
  Use: Scroll            ||     2
Armor: Robe              ||    11
Dodge: Dodged            ||    18
